cohdb
Replays
Latest Replays
All Replays
Popular Replays
Top Player Replays
Match Explorer
How It Works
Community
CoH3 Stats
Reddit
Sign in to upload your games and track your stats! →
Sign in with Steam
Match 45478729
Unlisted
Match 45478729
Overview
Messages
Build Orders
End
Selects Australian Defense Battlegroup
Selects Australian Light Infantry Section
Australian Light Infantry Section
Construct Section Command Post
Royal Engineer Section
Construct Section Command Post
Dingo Light Scout Car
Infantry Section
Infantry Section
Construct Platoon Command Post
Humber Armored Car
Humber Armored Car
Construct Field Infirmary
Construct Field Infirmary
Humber Armored Car
Selects 2-pounder Anti-tank Gun Team
Selects Vehicle Over Repair
2-pounder Anti-tank Gun Team
Humber Armored Car
UMirinBrah?
Wednesday
0
0
Comments
sign in to comment!
No comments posted yet!